 Dungeon Crawl Stone Soup version 0.28-a0-1130-gc51a68064b (webtiles) character file.

Game seed: 11284682025533662517

250 flotson the Sneak (level 5, -2/43 HPs)
             Began as a Demonspawn Delver on Dec 12, 2021.
             Killed by nerve-wracking pain
             ... invoked by Grinder
              (10 damage)
             ... while paralysed by Grinder
             ... on level 3 of the Dungeon.
             The game lasted 00:02:32 (1015 turns).

flotson the Sneak (Demonspawn Delver)               Turns: 1015, Time: 00:02:32

Health: -2/43      AC: 14    Str: 14    XL:     5   Next: 88%
Magic:  5/5        EV:  2    Int: 12    God:
Gold:   30         SH:  0    Dex: 14    Spells: 4/4 levels left

rFire   . . .      SeeInvis .   a - +0 spear
rCold   . . .      Faith    .   (no shield)
rNeg    . . .      Spirit   .   i - +6 scale mail "Wotir" {Harm}
rPois   .          Reflect  .   (no helmet)
rElec   .          Harm     +   (no cloak)
rCorr   .          Rampage  .   (no gloves)
Will    .....                   (no boots)
Stlth   +.........              (no amulet)
HPRegen 0.14/turn               (no ring)
MPRegen 0.09/turn               (no ring)

@: paralysed, hasted
A: claws 1, yellow scales 1, demonic guardian 1
a: no special abilities


You were on level 3 of the Dungeon.
You visited 1 branch of the dungeon, and saw 3 of its levels.

You collected 30 gold pieces.

Inventory:

Hand Weapons
 a - a +0 spear (weapon)
Armour
 i - the +6 scale mail "Wotir" (worn) {Harm}
   (You found it on level 4 of the Dungeon)

   Harm:      It increases damage dealt and taken.
Wands
 g - a wand of digging (3)
 j - a wand of polymorph (9)
Scrolls
 b - a scroll of teleportation {unknown}
 c - a scroll of fog
 d - a scroll of magic mapping
 e - 3 scrolls of fear
 k - 2 scrolls of vulnerability {unknown}
Potions
 f - a potion of haste
 h - 2 potions of curing {unknown}


   Skills:
 + Level 4.5 Fighting
 - Level 1.7 Polearms
 + Level 2.8 Armour
 + Level 3.5 Dodging
 - Level 4.5 Stealth


You had 4 spell levels left.
You didn't know any spells.
Your spell library was empty.

Dungeon Overview and Level Annotations

Branches:
Dungeon (5/15)
 Temple: D:4-7

Altars:
Qazlal
Trog

Annotations:
D:3 Grinder


Innate Abilities, Weirdness & Mutations

You have sharp fingernails.
You are partially covered in yellow scales. (AC +2)
A weak demonic guardian rushes to your aid.


Message History

You swap places.
You feel yourself speed up.
Your shadow imp hits Grinder.
Grinder says, "Tell me all your secrets, or I'll kill you."
You closely miss Grinder.
Grinder is moderately wounded.
Grinder gestures at you.
You suddenly lose the ability to move!
Your shadow imp hits Grinder but does no damage.
Grinder completely misses you.
Your shadow imp barely misses Grinder.
Grinder blinks!
Grinder zaps a wand.
Some rock shatters into small pieces.
Your shadow imp hits Grinder.
Your shadow imp closely misses Grinder.
Your shadow imp hits Grinder.
You can move again.
You hit Grinder.
Grinder is heavily wounded.
Your shadow imp hits Grinder.
You barely miss Grinder.
Grinder is heavily wounded.
Grinder hits you.
* * * LOW HITPOINT WARNING * * *
You writhe in agony.
* * * LOW HITPOINT WARNING * * *
Your shadow imp misses Grinder.
You hit Grinder.
Grinder is severely wounded.
Grinder barely misses you.
You hit Grinder.
Grinder is severely wounded.
Your shadow imp misses Grinder.
Unknown command.
You closely miss Grinder.
Grinder is severely wounded.
Grinder gestures at you.
You suddenly lose the ability to move!
Your shadow imp hits Grinder.
Grinder hits you but does no damage.
Your shadow imp closely misses Grinder.
Grinder gestures at you. Pain shoots through your body!
You die...

#....#
#....# .
....### ..
#.....#
.#.##...#.#
.......#.#
#..#.).#
#...@..#
#...5..#
......#.5.#
......##..#
####. ##.#
#. #># #
###


You could see Grinder (ally target) and a friendly shadow imp (summoned).

Vanquished Creatures
  Edmund (D:4)
  A black bear (D:4)
  A hound (D:4)
  An endoplasm (D:4)
  A giant cockroach (D:4)
  3 goblins (D:4)
  4 jackals
  A ball python (D:4)
  A kobold (D:4)
14 creatures vanquished.

Vanquished Creatures (collateral kills)
  A kobold (D:3)
1 creature vanquished.

Grand Total: 15 creatures vanquished

Notes
Turn   | Place    | Note
-------+----------+-------------------------------------------
     0 | D:5      | flotson the Demonspawn Delver began the quest for the Orb.
     0 | D:5      | Reached XP level 1. HP: 18/18 MP: 1/1
    32 | D:4      | Noticed an orc priest
    34 | D:4      | Noticed an orc priest
   261 | D:4      | Identified the +6 scale mail "Wotir" {Harm}
   447 | D:4      | Gained mutation: A weak demonic guardian rushes to your
                  | aid. [demonic ancestry]
   447 | D:4      | Reached XP level 2. HP: 21/24 MP: 2/2
   490 | D:4      | Reached skill level 1 in Armour
   490 | D:4      | Reached XP level 3. HP: 25/29 MP: 3/3
   589 | D:4      | Found a bloodstained altar of Trog.
   589 | D:4      | Found a stormy altar of Qazlal.
   623 | D:4      | Noticed a black bear
   760 | D:4      | Noticed Edmund
   776 | D:4      | Killed Edmund
   777 | D:4      | Gained mutation: You are partially covered in yellow
                  | scales. (AC +2) [demonic ancestry]
   777 | D:4      | Reached XP level 4. HP: 30/37 MP: 4/4
   777 | D:4      | Gained mutation: You have sharp fingernails. [demonic
                  | ancestry]
   777 | D:4      | Reached XP level 5. HP: 34/42 MP: 5/5
   853 | D:4      | Killed a black bear
   989 | D:3      | Noticed Grinder
   995 | D:3      | Paralysed by Grinder for 4 turns
  1002 | D:3      | Paralysed by Grinder for 6 turns
  1013 | D:3      | Paralysed by Grinder for 4 turns
  1015 | D:3      | Killed from afar by Grinder

Illustrated notes

Levels and vault maps discovered:
D:3:      layout_basic, serial_shops, nicolae_shop_hallway_stairs, serial_glass,
          glass_columns_c, glass_columns_c, glass_columns_a, glass_columns_a,
          glass_columns_c, glass_columns_a, kennysheep_generic_room_4,
          uniq_grinder, uniq_natasha
D:4:      cheibrodos_barr_body, layout_basic,
          gammafunk_temple_overflow_elements, nicolae_elevator_lobby_asterisk,
          uniq_crazy_yiuf_cottage, uniq_blork_the_orc, uniq_edmund
D:5:      layout_rooms, lemuel_round_altar,
          chequers_temple_overflow_statue_of_worship, serial_shops,
          nicolae_square_shop, serial_park_tiny_pond, minmay_pentangle,
          uniq_duvessa

Skill      XL: |  1  2  3 |
---------------+----------+-----
Dodging        | 2 3 |  3.5
Armour         | 1 2 |  2.8
Fighting       | 4 |  4.5
Polearms       | |  1.7
Stealth        | |  4.5

Action                   |  1- 3 |  4- 6 || total
-------------------------+-------+-------++-------
Melee: Spear             |    57 |    26 ||    83
       Unarmed           |     7 |       ||     7
  Use: Potion            |       |     1 ||     1
 Stab: Sleeping          |     1 |       ||     1
Armor: Scale mail        |    24 |    22 ||    46
       Leather armour    |     1 |       ||     1
       Skin              |     1 |       ||     1
Dodge: Dodged            |    25 |    27 ||    52

Table legend: (Time is in decaauts)
 A = Elapsed time spent in this place.
 B = Non-inter-level travel time spent in this place.
 C = Inter-level travel time spent in this place.
 D = Time resting spent in this place.
 E = Time spent auto-exploring this place.
 F = Levels seen in this place.
 G = Mean time per level.
                   A        B        C        D        E       F      G
               +--------+--------+--------+--------+--------+-----+--------+
         Total |   1016 |   1016 |      0 |    299 |    440 |   3 |  338.7 |
       Dungeon |   1016 |   1016 |      0 |    299 |    440 |   3 |  338.7 |
               +--------+--------+--------+--------+--------+-----+--------+

Top non-repeatable levels by time:
     D:4: 644 daAuts
     D:5: 344 daAuts
     D:3: 26 daAuts
